 Dungeon Crawl Stone Soup version 0.26-a0-812-g31a745ddcd (webtiles) character file.

Game seed: 3018053087863396747

201 Apogee the Sneak (level 5, -2/24 HPs)
             Began as a Spriggan Earth Elementalist on Nov 18, 2020.
             Killed by divine providence
             ... invoked by an orc priest
              (14 damage)
             ... on level 4 of the Dungeon on Nov 19, 2020.
             The game lasted 00:07:50 (4342 turns).

Apogee the Sneak (Spriggan Earth Elementalist)      Turns: 4342, Time: 00:07:50

Health: -2/24      AC:  2    Str:  4    XL:     5   Next: 50%
Magic:  8/12       EV: 18    Int: 17    God:
Gold:   90         SH:  0    Dex: 17    Spells: 6/12 levels left

rFire    . . .     SeeInvis +   a - +0 short sword
rCold    . . .     Faith    .   (shield restricted)
rNeg     . . .     Spirit   .   q - +0 robe
rPois    .         Reflect  .   (helmet restricted)
rElec    .         Harm     .   (no cloak)
rCorr    .         Rampage  .   (gloves unavailable)
MR       .....                  (boots unavailable)
Stlth    +++.......             (no amulet)
HPRegen  0.08/turn              (no ring)
MPRegen  0.13/turn              (no ring)

@: very quick
A: very small, unfitting armour, see invisible, speed 3
a: no special abilities


You were on level 4 of the Dungeon.
You visited 1 branch of the dungeon, and saw 4 of its levels.

You collected 90 gold pieces.

Inventory:

Hand Weapons
 a - a +0 short sword (weapon)
   (You found it on level 1 of the Dungeon)
Missiles
 b - 118 stones (quivered)
Armour
 q - a +0 robe (worn)
Wands
 c - a wand of disintegration (19)
   (You found it on level 4 of the Dungeon)
Scrolls
 e - 3 scrolls of enchant armour {unknown}
 f - 2 scrolls of identify {unknown}
 j - a scroll of remove curse {unknown}
 k - 2 scrolls of blinking {unknown}
 m - a scroll of noise {unknown}
 p - a scroll of teleportation {unknown}
Potions
 d - a potion of invisibility {unknown}
 g - a potion of curing {@q1}
 h - a potion of lignification {unknown}
 i - a potion of degeneration {unknown}
 l - a potion of berserk rage {unknown}
 n - a potion of might {unknown}
 o - 2 potions of haste {unknown}


   Skills:
 - Level 3.0 Dodging
 + Level 5.0 Stealth
 - Level 4.0 Spellcasting
 + Level 0.3 Conjurations
 - Level 1.3 Transmutations
 * Level 4.5 Earth Magic


You had 6 spell levels left.
You knew the following spells:

 Your Spells              Type           Power        Failure   Level
a - Sandblast             Erth           ###...       2%          1
q - Passwall              Tmut/Erth      ##......     7%          2
x - Stone Arrow           Conj/Erth      ##....       17%         3

Your spell library contained the following spells:

 Spells                   Type           Power        Failure   Level
 Petrify                  Tmut/Erth      ##......     43%         4
 Lee's Rapid Deconstruct  Erth           ###.......   56%         5


Dungeon Overview and Level Annotations

Branches:
Dungeon (4/15)             Temple (0/1) D:4

Altars:

Annotations:
D:1 Terence


Innate Abilities, Weirdness & Mutations

You are very small and have problems with some larger weapons.
You are too small for most types of armour.
You have supernaturally acute eyesight. (SInv)
You cover ground extremely quickly.


Message History

You see here a leather armour.
A giant cockroach is nearby!
A giant cockroach is nearby!
Aim: a giant cockroach (wandering, hasn't noticed you)
The blast of sand hits the giant cockroach but does no damage.
b - 123 stones A giant cockroach is nearby!
Aim: a giant cockroach The blast of sand hits the giant cockroach!
You kill the giant cockroach!
b - 122 stones No target in view!
You see here a giant cockroach corpse.
There is an open door here.
Things that are here:
a +0 hand axe; an orc skeleton An orc priest is nearby!
You see here a giant cockroach corpse.
What are your orders? t - Shout!
Orders for allies: a - Attack new target. r - Retreat! s - Stop attacking. g - Guard the area. f - Follow me.
Anything else - Cancel.
You shout for attention!
You hear a shout!
Something unseen opens the door.
You see here a leather armour.
You start waiting.
An orc priest is nearby!
Aim: an orc priest, wielding a +0 dagger The blast of sand hits the orc priest.
b - 121 stones The orc priest calls down the wrath of Beogh upon you.
Pain shoots through your body!
Ouch! That really hurt!
* * * LOW HITPOINT WARNING * * *
Aim: an orc priest, wielding a +0 dagger (moderately wounded)
The blast of sand misses the orc priest.
b - 120 stones
Aim: an orc priest, wielding a +0 dagger (moderately wounded)
The blast of sand hits the orc priest!
b - 119 stones The orc priest completely misses you.
Aim: an orc priest, wielding a +0 dagger (almost dead)
The blast of sand misses the orc priest.
b - 118 stones The orc priest calls down the wrath of Beogh upon you.
Beogh smites you!
Ouch! That really hurt!
You die...

######## #......########
#.####........#
#.###########.#
#.....[...# #.########
######.#######.#
#.........
#.<..........#.#
#..#####..
#.#...[#####.#.# #..#
#.#.##.# #.#@# #..#
###'### #.#.##.#
##.#o###..# ...^o..
#.#.##.#
#.........###.......
#.#.##.#
#.#####[..#.)...>...
#.#....# #.#
#...#†#....... #.#.####
#.# #.....#....... #....#
#.# #...######'###
#.....# #.#####.### #
#.......####.......####..


You could see an orc priest.

Vanquished Creatures
  A howler monkey (D:4)
  An orc wizard (D:4)
  A worker ant (D:2)
  A hound skeleton (D:4)
  3 adders
  2 worms
  2 dart slugs
  2 leopard geckos (D:4)
  2 orcs
  6 bats
  3 giant cockroaches
  A goblin (D:2)
  4 hobgoblins
  2 quokkas (D:3)
  2 ball pythons
  A frilled lizard (D:1)
  8 kobolds
  A quokka skeleton (D:4)
  28 rats
71 creatures vanquished.

Notes
Turn   | Place    | Note
-------+----------+-------------------------------------------
     0 | D:1      | Apogee the Spriggan Earth Elementalist began the quest for
                  | the Orb.
     0 | D:1      | Reached XP level 1. HP: 9/9 MP: 5/5
   679 | D:1      | Reached XP level 2. HP: 13/13 MP: 6/6
  1334 | D:2      | Reached XP level 3. HP: 11/16 MP: 4/8
  1652 | D:2      | Noticed Terence
  1748 | D:2      | Reached skill level 4 in Stealth
  2480 | D:3      | Reached XP level 4. HP: 14/21 MP: 10/10
  3700 | D:4      | Reached XP level 5. HP: 9/24 MP: 0/12
  3892 | D:4      | Learned a level 2 spell: Passwall
  3896 | D:4      | Learned a level 3 spell: Stone Arrow
  3973 | D:4      | Found a staircase to the Ecumenical Temple.
  3999 | D:4      | HP: 1/24 [orc wizard/magic dart (8)]
  4000 | D:4      | Reached skill level 5 in Stealth
  4342 | D:4      | Killed from afar by an orc priest

Illustrated notes

Levels and vault maps discovered:
D:1:      kilobyte_arrival_exit_the_forest, layout_basic
D:2:      layout_rooms, uniq_terence
D:3:      layout_loops_ring, kennysheep_another_room, minmay_rat_hole
D:4:      layout_loops_ring, temple_green, nemelex_diamond_rough_becter

Skill      XL: |  1  2  3  4  5 |
---------------+----------------+-----
Earth Magic    | 3 4 |  4.5
Spellcasting   | 3 4 |  4.0
Stealth        | 4 5 |  5.0
Dodging        | |  3.0
Conjurations   | |  0.3
Transmutations | |  1.3

Action                   |  1- 3 |  4- 6 || total
-------------------------+-------+-------++-------
Melee: Short sword       |    91 |   109 ||   200
 Cast: Sandblast         |    36 |    42 ||    78
  Use: Potion            |     1 |       ||     1
 Stab: Sleeping          |    11 |     1 ||    12
       Distracted        |     1 |       ||     1
Armor: Robe              |    18 |     8 ||    26
Dodge: Dodged            |   103 |   106 ||   209

Table legend: (Time is in decaauts)
 A = Elapsed time spent in this place.
 B = Non-inter-level travel time spent in this place.
 C = Inter-level travel time spent in this place.
 D = Time resting spent in this place.
 E = Time spent auto-exploring this place.
 F = Levels seen in this place.
 G = Mean time per level.
                   A        B        C        D        E       F      G
               +--------+--------+--------+--------+--------+-----+--------+
         Total |   3703 |   3619 |     84 |    749 |   2222 |   4 |  925.8 |
       Dungeon |   3703 |   3619 |     84 |    749 |   2222 |   4 |  925.8 |
               +--------+--------+--------+--------+--------+-----+--------+

Top non-repeatable levels by time:
     D:3: 1500 daAuts
     D:1: 1263 daAuts
     D:2: 684 daAuts
     D:4: 254 daAuts
